 Dungeon Crawl Stone Soup version 0.26-a0-854-gdc81c2f471 (webtiles) character file.

Game seed: 7194301908539302278

36879 Spectrina the Unseen (level 13, -3/144 HPs)
             Began as a Vampire Delver on Nov 23, 2020.
             Was the Champion of Ru.
             Slain by a manticore (8 damage)
             ... on level 1 of the Shoals.
             The game lasted 01:25:39 (9726 turns).

Spectrina the Unseen (Vampire Delver)               Turns: 9726, Time: 01:25:41

Health: -3/144     AC: 27    Str: 21    XL:     13   Next: 55%
Magic:  13/13      EV:  8    Int: 14    God:    Ru [******]
Gold:   1049       SH:  0    Dex: 15    Spells: 11/12 levels left

rFire    . . .     SeeInvis +   b - +5 dagger (elec)
rCold    . . .     Faith    .   (shield unavailable)
rNeg     . . .     Spirit   .   V - +2 chain mail {MR+}
rPois    .         Reflect  .   C - +2 helmet
rElec    .         Harm     .   v - +2 cloak of the Thief {*Fog Slay-2 SInv Stlth+}
rCorr    .         Rampage  .   i - +2 pair of gloves
MR       ++...                  x - +2 pair of boots
Stlth    ..........             (no amulet)
HPRegen  0.54/turn              (ring unavailable)
MPRegen  0.13/turn              K - +6 ring of strength

@: berserking, exhausted, regenerating quickly, lightly drained, very quick
A: fangs 3, see invisible, unbreathing, missing a hand, inability to use
devices, inability to train dodging, missing an eye
a: Exsanguinate, Draw Out Power, Power Leap, Apocalypse, Renounce Religion


You were on level 1 of the Shoals.
You worshipped Ru.
Ru was exalted by your worship.
You visited 3 branches of the dungeon, and saw 16 of its levels.

You collected 1049 gold pieces.

Inventory:

Hand Weapons
 a - a +0 rapier
 b - a +5 dagger of electrocution (weapon)
 k - a +0 hunting sling
 T - a +0 hand crossbow
Missiles
 o - 13 boomerangs
 r - 329 stones
 s - 8 javelins
 u - 43 poisoned darts
 w - 60 sling bullets
 y - 4 atropa-tipped darts
 A - a throwing net
 D - 3 silver boomerangs (quivered)
 E - 132 bolts
Armour
 i - a +2 pair of gloves (worn)
 m - +0 swamp dragon scales
 v - the +2 cloak of the Thief (worn) {*Fog Slay-2 SInv Stlth+}
   (You found it on level 7 of the Dungeon)

   It affects your accuracy and damage with ranged weapons and melee attacks
   (-2).
   It lets you see invisible.
   It makes you more stealthy.
 x - a +2 pair of boots (worn)
 C - a +2 helmet (worn)
 R - a +0 plate armour
 U - +0 steam dragon scales
 V - a +2 chain mail of magic resistance (worn)
Magical Staves
 q - an uncursed staff of air
Jewellery
 K - a +6 ring of strength (right hand)
 L - an uncursed ring of protection from fire
 M - an uncursed ring of teleportation
 N - an uncursed ring of poison resistance
Scrolls
 c - 8 scrolls of fog
 d - 4 scrolls of magic mapping
 g - 5 scrolls of teleportation
 h - a scroll of summoning
 j - a scroll of holy word
 n - a scroll of identify
 z - 2 scrolls of amnesia
 O - 4 scrolls of remove curse
 P - a scroll of blinking {unknown}
 Q - a scroll of enchant weapon
Potions
 f - 2 potions of haste
 l - 2 potions of magic
 p - 8 potions of curing
 t - a potion of resistance
 B - 3 potions of brilliance
 F - a potion of invisibility {unknown}
 G - 3 potions of cancellation
 H - 2 potions of might
 I - 2 potions of mutation
 J - a potion of attraction
 S - 2 potions of flight {unknown}


   Skills:
 + Level 7.0(6.7) Fighting
 + Level 14.6(14.2) Short Blades
 + Level 10.2(9.8) Armour
 + Level 19.7(19.2) Stealth


You had 11 spell levels left.
You knew the following spells:

 Your Spells              Type           Power        Failure   Level
a - Apportation           Tloc           #.....       88%         1

Your spell library contained the following spells:

 Spells                   Type           Power        Failure   Level
 Animate Skeleton         Necr           #.....       88%         1
 Corona                   Hex            #......      88%         1
 Freeze                   Ice            #...         88%         1
 Pain                     Necr           #...         88%         1
 Summon Small Mammal      Summ           #...         88%         1
 Confusing Touch          Hex            #.......     99%         3
 Frozen Ramparts          Ice            #.....       99%         3
 Gell's Gravitas          Tloc           #.........   99%         3
 Ozocubu's Armour         Ice            #.......     99%         3
 Vampiric Draining        Necr           #.........   99%         3
 Animate Dead             Necr           #.........   100%        4
 Hailstorm                Conj/Ice       #.......     100%        4
 Petrify                  Tmut/Erth      #.......     100%        4
 Summon Ice Beast         Ice/Summ       #.......     100%        4
 Agony                    Necr           #.......     100%        5
 Metabolic Englaciation   Hex/Ice        #.........   100%        5
 Yara's Violent Unravell  Hex/Tmut       #.........   100%        5


Dungeon Overview and Level Annotations

Branches:
Dungeon (9/15)             Temple (0/1) D:6            Lair (6/6) D:9
 Shoals (1/4) Lair:3        Slime (0/5) Lair:6
  Snake: Lair:2-4    Spider: Lair:2-4       Orc: D:9-12

Altars:
Cheibriados
Dithmenos
Elyvilon
Okawaru
Ru
Sif Muna
Uskayaw
Wu Jian
Xom
The Shining One

Shops:
D:4 *

Annotations:
D:5 1 runed translucent door, Sigmund; runemasterragnar's ghost, novice OpFi
D:9 2 transporters, jestyr24's ghost, novice DsGl
Lair:5 2 transporters


Innate Abilities, Weirdness & Mutations

Your natural rate of healing is unusually fast.
You have razor-sharp teeth.
You have supernaturally acute eyesight. (SInv)
You can survive without breathing.
You are missing a hand.
You cannot study or use magical devices.
You cannot train Dodging skill.
You are missing an eye, making it more difficult to aim.


Message History

The manticore bites you.
* * * LOW HITPOINT WARNING * * *
The manticore claws you but does no damage. x2
You hit the merfolk impaler.
The merfolk impaler is severely wounded.
The merfolk impaler hits you with a +0 trident of flaming!
* * * LOW HITPOINT WARNING * * *
The merfolk impaler burns you.
* * * LOW HITPOINT WARNING * * *
You hit the merfolk impaler.
The merfolk impaler is severely wounded.
You closely miss the merfolk impaler.
The merfolk impaler is severely wounded.
You miss the merfolk impaler.
The merfolk impaler is severely wounded.
The manticore bites you.
* * * LOW HITPOINT WARNING * * *
The manticore claws you but does no damage.
The manticore claws you!
You die...

≈≈≈≈≈≈≈≈≈≈≈≈≈≈≈≈≈≈..
≈≈≈≈≈≈≈≈≈≈≈≈≈≈≈≈≈≈..#
≈≈≈≈≈≈≈≈≈≈≈≈≈≈≈≈....#
≈≈≈≈≈≈≈≈≈≈≈≈≈≈≈≈....#
≈≈≈≈≈≈≈≈≈)≈≈≈≈≈≈.PP≈.
..≈≈≈≈≈≈≈≈§≈≈≈≈≈≈≈P≈≈
##≈≈≈≈§§§≈..≈≈≈≈≈≈P≈≈
#.≈≈≈≈§§Hm§§≈≈≈≈≈≈P≈≈
≈≈≈≈≈≈§.@§§§[<≈≈≈≈≈≈≈
≈≈≈≈≈≈.§§§§§.≈P≈≈≈≈≈≈
≈≈≈≈..§§§§§§≈≈≈≈≈≈≈≈≈
≈≈≈≈.###.≈≈≈≈≈≈≈P≈≈≈≈
≈≈≈≈. #..≈≈≈≈≈≈≈≈P≈.
≈≈≈≈≈ ...≈≈≈≈≈≈≈≈P≈P.
≈≈≈ .≈≈≈≈≈≈≈≈PPP≈..
≈≈≈ ≈≈≈≈≈≈≈≈≈P≈≈..#
≈≈≈≈≈≈≈≈≈≈


You could see a merfolk impaler (corona) and a manticore.

Vanquished Creatures
  A fire dragon (Lair:6)
  4 hydras
  A swamp dragon (Lair:6)
  A wolf spider (Lair:6)
  10 black mambas
  A guardian serpent (Lair:6)
  10 elephants
  9 cane toads
  A torpor snail (Lair:3)
  2 rime drakes (Lair:6)
  10 komodo dragons
  A merfolk (Shoals:1)
  3 hornets (Lair:6)
  Prince Ribbit (D:6)
  8 blink frogs
  4 dream sheep (Lair:2)
  3 redbacks (Lair:6)
  12 wyverns
  49 yaks
  A wraith (D:9)
  4 basilisks
  A steam dragon (Lair:6)
  Edmund (D:5)
  4 acid dragons (Lair:6)
  Duvessa (D:7)
  20 water moccasins
  2 orc warriors
  4 sky beasts
  A black bear (D:9)
  3 ogres
  2 phantoms
  An eye of draining (D:9)
  6 wolves (Lair:6)
  3 centaurs
  Blork the orc (D:4)
  11 bullfrogs
  A wyvern zombie (D:8)
  Dowan (D:7)
  4 scorpions
  2 electric eels (Lair:6)
  4 wights (D:7)
  A howler monkey (D:5)
  A centaur zombie (D:6)
  3 hounds
  2 jellies
  A bullfrog skeleton (D:6)
  3 iguanas (Lair:6)
  7 orc wizards
  2 worker ants
  A hound skeleton (D:6)
  2 worker ant zombies
  Robin (D:3)
  6 gnolls
  4 adders
  2 shadow imps
  An ufetubus (D:6)
  3 oozes
  4 worms
  17 orcs
  4 bats
  4 giant cockroaches
  11 goblins (D:3)
  5 hobgoblins
  4 jackals
  6 kobolds
  4 quokkas
  2 frilled lizards
  4 rats
314 creatures vanquished.

Vanquished Creatures (others)
  2 hydras
  A dream sheep (Lair:2)
  A yak (Lair:6)
  A water moccasin (Lair:6)
  A worker ant (D:5)
  A bush (Lair:6)
  44 fungi
  104 plants
155 creatures vanquished.

Grand Total: 469 creatures vanquished

Notes
Turn   | Place    | Note
-------+----------+-------------------------------------------
     0 | D:5      | Spectrina the Vampire Delver began the quest for the Orb.
     0 | D:5      | Reached XP level 1. HP: 17/17 MP: 1/1
     2 | D:5      | Noticed an ogre
    36 | D:5      | Found a runed translucent door.
    36 | D:5      | Noticed runemasterragnar's ghost (novice OpFi)
    87 | D:5      | Noticed Sigmund
    89 | D:5      | Noticed Edmund
   113 | D:5      | Noticed a jelly
   114 | D:5      | Killed a jelly
   115 | D:5      | Reached skill level 8 in Stealth
   115 | D:5      | Reached XP level 2. HP: 23/23 MP: 2/2
   115 | D:5      | Reached XP level 3. HP: 28/28 MP: 3/3
   193 | D:4      | Found Zefricw's General Store.
   366 | D:2      | Found a sacrificial altar of Ru.
   369 | D:2      | Found a shadowy altar of Dithmenos.
   387 | D:2      | Became a worshipper of Ru the Awakened
   582 | D:2      | Reached XP level 4. HP: 13/34 MP: 4/4
   921 | D:2      | Found a glowing golden altar of the Shining One.
  1166 | D:3      | Found an iron altar of Okawaru.
  1213 | D:3      | Noticed Robin
  1255 | D:3      | Killed Robin
  1276 | D:3      | Gained mutation: You cannot train Dodging skill. [Ru
                  | sacrifice]
  1276 | D:3      | Reached * piety under Ru
  1417 | D:5      | Got a faintly glowing dagger
  1417 | D:5      | Identified the +2 dagger of a sewer {vorpal, Dex+2} (You
                  | found it on level 5 of the Dungeon)
  1561 | D:4      | Reached skill level 9 in Stealth
  1587 | D:4      | Reached XP level 5. HP: 11/39 MP: 5/5
  1625 | D:4      | Found a snail-covered altar of Cheibriados.
  1720 | D:5      | Noticed an ogre
  1721 | D:5      | Killed an ogre
  1739 | D:5      | Reached skill level 5 in Short Blades
  1794 | D:4      | Noticed Blork the orc
  1801 | D:4      | Killed Blork the orc
  1802 | D:4      | Reached skill level 10 in Stealth
  1802 | D:4      | Reached XP level 6. HP: 46/46 MP: 6/6
  1909 | D:5      | Found a white marble altar of Elyvilon.
  2099 | D:5      | HP: 1/46 [ogre/+0 giant club (16)]
  2102 | D:5      | Reached XP level 7. HP: 2/51 MP: 7/7
  2301 | D:5      | Killed Edmund
  2302 | D:5      | Reached skill level 11 in Stealth
  2396 | D:6      | Found a shimmering altar of Xom.
  2632 | D:5      | Found a shimmering blue altar of Sif Muna.
  2658 | D:5      | Reached skill level 1 in Armour
  2658 | D:5      | Reached XP level 8. HP: 51/57 MP: 8/8
  3064 | D:6      | Found a staircase to the Ecumenical Temple.
  3149 | D:7      | Found the +2 cloak of the Thief {*Fog Slay-2 SInv Stlth+}
  3170 | D:7      | Got a translucent mace
  3170 | D:7      | Identified the +3 mace of Unreason {vorpal, rN+ Str+4 SInv}
                  | (You found it on level 7 of the Dungeon)
  3388 | D:7      | Gained mutation: You cannot study or use magical devices.
                  | [Ru sacrifice]
  3388 | D:7      | Reached ** piety under Ru
  3388 | D:7      | Reached *** piety under Ru
  3394 | D:7      | Found a shimmering blue altar of Sif Muna.
  3435 | D:8      | Found an ornate altar of the Wu Jian Council.
  3578 | D:6      | Noticed Prince Ribbit
  3579 | D:6      | Killed Prince Ribbit
  3580 | D:6      | Reached skill level 12 in Stealth
  3627 | D:6      | Got a steaming hand axe
  3627 | D:6      | Identified the cursed +1 hand axe of Dujer {vorpal, Int+5
                  | Dex+7} (You found it on level 6 of the Dungeon)
  3953 | D:7      | Found a shimmering blue altar of Sif Muna.
  4047 | D:7      | Noticed Dowan
  4049 | D:7      | Noticed Duvessa
  4054 | D:7      | Killed Dowan
  4190 | D:7      | Reached XP level 9. HP: 62/62 MP: 9/9
  4251 | D:7      | Killed Duvessa
  4252 | D:7      | Reached skill level 13 in Stealth
  4285 | D:8      | Found a hide-covered altar of Uskayaw.
  4558 | D:9      | Found a transporter.
  4562 | D:9      | Found a transporter.
  4562 | D:9      | Noticed jestyr24's ghost (novice DsGl)
  4563 | D:9      | Noticed a fire giant
  4624 | D:9      | Reached skill level 10 in Short Blades
  4819 | D:9      | Gained mutation: You are missing a hand. [Ru sacrifice]
  4819 | D:9      | Reached **** piety under Ru
  4819 | D:9      | Reached ***** piety under Ru
  4885 | D:9      | Reached skill level 14 in Stealth
  4947 | D:9      | Reached skill level 5 in Armour
  5030 | D:9      | Found a staircase to the Lair.
  5043 | Lair:1   | Entered Level 1 of the Lair of Beasts
  5053 | Lair:1   | Noticed an elephant
  5053 | Lair:1   | Noticed an elephant
  5053 | Lair:1   | Noticed a black mamba
  5060 | Lair:1   | Learned a level 1 spell: Apportation
  5111 | Lair:1   | Noticed a komodo dragon
  5127 | Lair:1   | Killed a komodo dragon
  5128 | Lair:1   | Reached XP level 10. HP: 39/68 MP: 10/10
  5175 | Lair:1   | Killed a black mamba
  5467 | Lair:2   | Reached skill level 15 in Stealth
  5643 | Lair:3   | You fall into a shaft and drop 3 floors!
  5643 | Lair:6   | Entered Level 6 of the Lair of Beasts
  5656 | Lair:6   | Noticed a cane toad
  5826 | Lair:5   | Noticed a cane toad
  5842 | Lair:5   | Gained mutation: You are missing an eye, making it more
                  | difficult to aim. [Ru sacrifice]
  5842 | Lair:5   | Reached ****** piety under Ru
  5858 | Lair:5   | Noticed a torpor snail
  5889 | Lair:5   | Found a transporter.
  5890 | Lair:5   | Found a transporter.
  5890 | Lair:5   | Noticed a boulder beetle
  5891 | Lair:5   | Noticed a boulder beetle
  5920 | Lair:5   | Noticed a black mamba
  5931 | Lair:5   | Killed a black mamba
  5940 | Lair:5   | Reached skill level 16 in Stealth
  5998 | Lair:3   | Reached XP level 11. HP: 55/74 MP: 11/11
  6016 | Lair:3   | Noticed a four-headed hydra
  6030 | Lair:3   | Killed a four-headed hydra
  6498 | Lair:3   | Reached skill level 17 in Stealth
  6532 | Lair:3   | You fall into a shaft and drop 3 floors!
  6537 | Lair:6   | Noticed a six-headed hydra
  6560 | Lair:6   | Killed a six-headed hydra
  6848 | Lair:6   | Reached XP level 12. HP: 68/81 MP: 12/12
  7099 | Lair:6   | Found a staircase to the Slime Pits.
  7124 | Lair:6   | Noticed a catoblepas
  7125 | Lair:6   | Noticed a four-headed hydra
  7127 | Lair:6   | Noticed a five-headed hydra
  7160 | Lair:6   | Killed a four-headed hydra
  7161 | Lair:6   | Reached skill level 18 in Stealth
  7171 | Lair:6   | Killed a five-headed hydra
  7515 | Lair:3   | Found a staircase to the Shoals.
  7626 | Lair:4   | Reached skill level 5 in Fighting
  7666 | Lair:4   | Noticed a seven-headed hydra
  7697 | Lair:4   | Killed a seven-headed hydra
  7843 | Lair:4   | Noticed a six-headed hydra
  7853 | Lair:4   | Killed a six-headed hydra
  8344 | Lair:6   | Reached XP level 13. HP: 37/93 MP: 13/13
  8436 | Lair:6   | Reached skill level 19 in Stealth
  9111 | Lair:6   | Reached skill level 10 in Armour
  9366 | Lair:6   | Noticed a fire dragon
  9412 | Lair:6   | Killed a fire dragon
  9681 | Shoals:1 | Entered Level 1 of the Shoals
  9697 | Shoals:1 | Noticed a merfolk impaler
  9726 | Shoals:1 | HP: 5/144 [manticore (5)]
  9726 | Shoals:1 | Slain by a manticore

Illustrated notes

Levels and vault maps discovered:
D:1:      nzn_arrival_water_spiral, layout_loops_ring, serial_forest,
          infiniplex_forest_zigzag_2, infiniplex_forest_pool,
          infiniplex_forest_lined_2, infiniplex_forest_corner_1,
          infiniplex_forest_end_1, infiniplex_forest_lined_corner,
          infiniplex_forest_lined_ring, infiniplex_forest_straight_1,
          minmay_tiny_reverse_x
D:2:      layout_rooms, tso_metal_star, amethyst_overflow_temple_binary
D:3:      layout_loops_ring, lemuel_round_altar, roderic_lattice_a,
          kennysheep_okawaru_gauntlet, uniq_robin
D:4:      layout_gridville, cheibriados_altar_1, serial_shops, shop,
          uniq_blork_the_orc
D:5:      layout_basic, elyvilon_altar_3, hellmonk_ghost_happy_afterlife,
          basic_altar, sigmund_edmund_badplayer
D:6:      layout_basic, kennysheep_little_box, temple_green, uniq_prince_ribbit1
D:7:      kennysheep_orc_sif_temple, layout_gridville, kennysheep_mini_moat,
          uniq_duvessa
D:8:      layout_cave_pods, lemuel_doored_altar, overflow_temple_1_default
D:9:      layout_gridville, kennysheep_mini, grunt_lair_entry_orc_guard_hut,
          gammafunk_ghost_arena
Lair:1:   layout_hall_layers, basic_altar, infiniplex_staircase_pool_2
Lair:2:   layout_regular_city
Lair:3:   layout_regular_city, shoals_dummy_entry, serial_bayou_shore_b,
          grunt_megastairs_5
Lair:4:   layout_cellular_growth, minmay_snake_entry_spellcaster,
          lemuel_fruit_tree
Lair:5:   gammafunk_boulding_lane, layout_loops_ring, st_stairs_3,
          infiniplex_staircase_pool
Lair:6:   hangedman_lair_tendril_chambers, layout_layer_cave,
          guppyfry_lair_end_dragon, dpeg_slime_entry_corner,
          serial_bayou_lagoon_b, lemuel_fruit_fields
Shoals:1: layout_shoals, uniq_nikola, uniq_frances

Skill      XL: |  1  2  3  4  5  6  7  8  9 10 11 12 13 |
---------------+----------------------------------------+-----
Short Blades   | 3 4 5 6 8 9 10 11 13 14 | 14.6
Stealth        | 8 9 10 11 12 14 16 17 18 19 | 19.7
Dodging        | 0 |  0.0
Armour         | 1 3 5 7 8 9 10 | 10.2
Fighting       | 3 5 7 |  7.0

Action                   |  1- 3 |  4- 6 |  7- 9 | 10-12 | 13-15 || total
-------------------------+-------+-------+-------+-------+-------++-------
Melee: Short sword       |    40 |       |       |       |       ||    40
       Dagger            |    11 |   164 |   541 |   800 |   429 ||  1945
       Bite              |     5 |    29 |    70 |   104 |    45 ||   253
       Hand axe          |       |       |    13 |       |       ||    13
Throw: Boomerang         |     2 |    18 |     2 |       |     9 ||    31
       Dart              |       |     5 |     8 |     9 |    24 ||    46
       Javelin           |       |       |     4 |       |       ||     4
 Cast: Apportation       |       |       |     1 |       |       ||     1
Invok: Sacrifice Nimblen |       |     1 |       |       |       ||     1
       Sacrifice Artific |       |       |     1 |       |       ||     1
       Sacrifice a Hand  |       |       |     1 |       |       ||     1
       Draw Out Power    |       |       |       |     9 |     6 ||    15
       Power Leap        |       |       |       |     6 |       ||     6
       Sacrifice an Eye  |       |       |       |     1 |       ||     1
  Use: Potion            |       |     4 |       |       |     2 ||     6
       Scroll            |       |       |    14 |     8 |     1 ||    23
 Stab: Sleeping          |     7 |    10 |    15 |    12 |     1 ||    45
       Invisible         |       |     1 |     3 |    10 |     3 ||    17
       Distracted        |       |       |     2 |     9 |     3 ||    14
       Paralysed         |       |       |       |     3 |     1 ||     4
       Petrified         |       |       |       |     2 |       ||     2
Armor: Leather armour    |    10 |    10 |       |       |       ||    20
       Chain mail        |       |    39 |   214 |    45 |    44 ||   342
       Plate armour      |       |       |       |   250 |   137 ||   387
Dodge: Dodged            |    18 |    14 |    30 |    96 |    82 ||   240
Block: Kite shield       |    13 |    41 |   105 |       |       ||   159

Table legend: (Time is in decaauts)
 A = Elapsed time spent in this place.
 B = Non-inter-level travel time spent in this place.
 C = Inter-level travel time spent in this place.
 D = Time resting spent in this place.
 E = Time spent auto-exploring this place.
 F = Levels seen in this place.
 G = Mean time per level.
                   A        B        C        D        E       F      G
               +--------+--------+--------+--------+--------+-----+--------+
         Total |   8985 |   8490 |    495 |      0 |      0 |  16 |  561.6 |
       Dungeon |   4877 |   4533 |    344 |      0 |      0 |   9 |  541.9 |
          Lair |   4076 |   3925 |    151 |      0 |      0 |   6 |  679.3 |
        Shoals |     31 |     31 |      0 |      0 |      0 |   1 |   31.0 |
               +--------+--------+--------+--------+--------+-----+--------+

Top non-repeatable levels by time:
  Lair:6: 1818 daAuts
     D:5: 980 daAuts
     D:6: 781 daAuts
     D:7: 713 daAuts
  Lair:4: 585 daAuts
  Lair:3: 571 daAuts
     D:2: 542 daAuts
     D:4: 535 daAuts
     D:3: 459 daAuts
  Lair:5: 442 daAuts
  Lair:2: 431 daAuts
     D:9: 431 daAuts
     D:8: 309 daAuts
  Lair:1: 227 daAuts
     D:1: 125 daAuts
